 Dungeon Crawl Stone Soup version 0.22-a0-3-g4fa69d9a97 (webtiles) character file.

2 Manul the Ducker (level 1, -3/11 HPs)
             Began as a Spriggan Abyssal Knight on Jan 1, 2018.
             Was an Initiate of Lugonu.
             Killed from afar by a dart slug (7 damage)
             ... with a slug dart
             ... on level 1 of the Dungeon.
             The game lasted 00:01:12 (634 turns).

Manul the Ducker (Spriggan Abyssal Knight)           Turns: 634, Time: 00:01:13

Health: -3/11      AC:  2    Str:  8    XL:     1   Next: 33%
Magic:  12/12      EV: 19    Int: 13    God:    Lugonu [......]
Gold:   123        SH:  0    Dex: 15    Spells: 0/0 levels left

rFire    x . .     SeeInvis +   a - +1 short sword
rCold    . . .     Gourm    .   (shield restricted)
rNeg     . . .     Faith    .   b - +0 robe
rPois    +         Spirit   .   (helmet restricted)
rElec    .         Reflect  .   (no cloak)
rCorr    .         Harm     .   (gloves unavailable)
MR       .....                  (boots unavailable)
Stlth    ..........             (no amulet)
HPRegen  0.03/turn              g - ring "Zezizuwk" {rPois rF- MP+9 Stlth-}
MPRegen  0.13/turn              (no ring)

@: very quick
A: very small, unfitting armour, see invisible, herbivore, speed 3, slow
metabolism 2
a: Renounce Religion


You were on level 1 of the Dungeon.
You worshipped Lugonu.
Lugonu was noncommittal.
You were not hungry.

You visited 1 branch of the dungeon, and saw 1 of its levels.
You visited the Abyss 1 time.

You collected 123 gold pieces.

Inventory:

Hand Weapons
 a - a +1 short sword (weapon)
Armour
 b - a +0 robe (worn)
Jewellery
 g - the ring "Zezizuwk" (left hand) {rPois rF- MP+9 Stlth-}
   (You found it on level 2 of the Abyss)

   [ring of loudness]

   It makes you vulnerable to fire.
   It protects you from poison.
   It affects your magic capacity (+9).
   It makes you less stealthy.
Wands
 e - a wand of flame (28)
Scrolls
 f - a scroll of identify
Miscellaneous
 d - a crystal ball of energy
Comestibles
 c - a ration


   Skills:
 + Level 2.5 Fighting
 + Level 2.2 Short Blades
 + Level 3.6 Dodging
 + Level 1.8 Invocations


You couldn't memorise any spells.
You didn't know any spells.

Dungeon Overview and Level Annotations

Branches:
Dungeon (1/15)

Altars:


Innate Abilities, Weirdness & Mutations

You are very small and have problems with some larger weapons.
You are too small for most types of armour.
You have supernaturally acute eyesight. (SInv)
You are a herbivore.
You cover ground extremely quickly.
You need consume almost no food.


Message History

You are too injured to fight recklessly!
You are too injured to fight recklessly!
You are too injured to fight recklessly!
You are too injured to fight recklessly!
You are too injured to fight recklessly!
You are too injured to fight recklessly!
You are too injured to fight recklessly!
You are too injured to fight recklessly!
You are too injured to fight recklessly!
You are too injured to fight recklessly!
You are too injured to fight recklessly!
You are too injured to fight recklessly!
You are too injured to fight recklessly!
You barely miss the dart slug. You hit the dart slug.
The dart slug is severely wounded.
The dart slug launches a dart at you. The slug dart hits you!
Ouch! That really hurt!
You die...

##### #....
#....
#....####
+....@..#
#...w##.#
##### #####
#.# #...#
#.###...#
#...'...#
#####.).#
#...# #...#
########...#


You could see a dart slug.

Vanquished Creatures
  A giant cockroach (D:1)
  A goblin (D:1)
2 creatures vanquished.

Notes
Turn   | Place    | Note
-------+----------+-------------------------------------------
     0 | Abyss:1  | Manul the Spriggan Abyssal Knight began the quest for the Orb.
     0 | Abyss:1  | Reached XP level 1. HP: 11/11 MP: 3/3
    40 | Abyss:2  | Noticed a golden eye
    64 | Abyss:2  | Got a clouded lapis lazuli ring
    65 | Abyss:2  | Identified the ring "Zezizuwk" {rPois rF- MP+9 Stlth-} (You found it on level 2 of the Abyss)
    88 | Abyss:2  | Noticed an orange demon
    92 | Abyss:2  | Noticed a smoke demon
   139 | Abyss:2  | Noticed a starcursed mass
   150 | Abyss:2  | Noticed a large abomination
   153 | Abyss:2  | Noticed a golden eye
   155 | Abyss:2  | Noticed a quasit
   157 | Abyss:2  | Noticed a large abomination
   161 | Abyss:2  | Noticed a ynoxinul
   164 | Abyss:2  | Noticed a thrashing horror
   171 | D:1      | Escaped the Abyss
   634 | D:1      | Killed from afar by a dart slug

Vault maps used:
D:1:      minmay_arrival_checkered_box, hangedman_decor_growths,
          minmay_octomino_c4
Abyss:2:  onia_ninara_dug_in_and_dangerous

Action                   || total
-------------------------++-------
Melee: Short sword       ||    11
Invok: Depart the Abyss  ||     1
  Use: Scroll            ||     2
Dodge: Dodged            ||    11

Table legend:
 A = Spawn XP
 B = Non-spawn XP
 C = Spawn XP percentage of total XP
 D = Spawn monster count
 E = Non-spawn monster count
 F = Spawn count percentage of total count
 G = Total turns spent on level
                    A         B        C        D         E        F      G
               +---------+---------+-------+---------+---------+-------+---------
         Total |       0 |       4 |   0.0 |       0 |       2 |   0.0 |   634
               +---------+---------+-------+---------+---------+-------+---------
           D:1 |       0 |       4 |   0.0 |       0 |       2 |   0.0 |   463
               +---------+---------+-------+---------+---------+-------+---------
